AoeStats
← stevenntqaz

Black Forest

503363265Analyzed
4v4 RM · 1mo ago on Aug 31, 2026· 70m 39s· 8 players
Game mode
Random Map
Map size
Large (8 player)
Population
200
Speed
Normal
Resources
Standard
Victory
Conquest
Starting age
Dark Age
Ending age
Imperial Age
RankedLock teamsTeams togetherTeam positionsShared explorationLock speedFull tech treeHidden civsTurbo modeCheats
Victory
Defeat
🇻🇳 Mapuche · Vietnam
1255
+15
🇹🇼 Mongols · Taiwan
1195
+17
🇹🇼 Persians · Taiwan
1178
+18
🇮🇳 Khmer · India
1168
+19
🇺🇸 Celts · United States
1291
-20
🇷🇺 Khmer · Russia
1232
-18
🇳🇱 Britons · Netherlands
1200
-16
🇵🇱 Franks · Poland
1172
-15
mateusz.czeczot2
12:04 Feudal Age
12:43 Double-Bit Axe
18:19 Castle Age
18:05 Gold Mining
19:51 Bow Saw
20:18 Gold Shaft Mining
28:09 Imperial Age
27:26 Forging
27:21 Scale Barding Armor
28:46 Husbandry
29:25 Iron Casting
29:12 Conscription
28:14 Cavalier
31:12 Blast Furnace
30:32 Chain Barding Armor
29:50 Paladin
32:05 Wheelbarrow
34:54 Pikeman
35:34 Squires
35:37 Scale Mail Armor
36:13 Plate Barding Armor
37:44 Caravan
38:34 Chain Mail Armor
37:41 Halberdier
54:31 Plate Mail Armor
jellIEBEANS
1:02 Loom
11:36 Feudal Age
15:04 Double-Bit Axe
20:53 Castle Age
19:14 Stone Mining
19:44 Fishing Lines
20:19 Gold Mining
21:57 Bow Saw
21:42 Gillnets
21:41 Horse Collar
22:05 Fletching
26:03 Wheelbarrow
28:41 Imperial Age
27:53 Hand Cart
28:11 Heavy Plow
29:28 Yeomen
29:06 Bodkin Arrow
29:36 Padded Archer Armor
30:51 Two-Man Saw
30:02 Bracer
30:24 Hand Cart
30:36 Conscription
30:58 Leather Archer Armor
31:46 Chemistry
31:42 Warwolf
32:27 Squires
31:48 Pikeman
32:31 Scale Mail Armor
32:42 Forging
33:13 Ballistics
33:06 Masonry
33:51 Caravan
34:55 Siege Engineers
35:22 Architecture
34:53 Halberdier
36:33 Chain Mail Armor
36:54 Iron Casting
36:40 Treadmill Crane
37:55 Plate Mail Armor
39:12 Elite Longbowman
40:28 Hoardings
46:44 Arson
48:04 Blast Furnace
47:35 Ring Archer Armor
52:31 Murder Holes
Hurin
6:44 Loom
11:34 Feudal Age
13:27 Double-Bit Axe
15:50 Castle Age
14:07 Horse Collar
16:50 Bow Saw
19:04 Wheelbarrow
22:22 Heavy Plow
24:13 Hand Cart
24:56 Pikeman
26:41 Gold Mining
29:34 Imperial Age
27:06 Scale Mail Armor
27:06 Town Watch
29:28 Gold Shaft Mining
28:44 Stone Mining
29:14 Chain Mail Armor
29:10 Forging
29:45 Onager
30:35 Siege Engineers
30:48 Furor Celtica
30:54 Halberdier
31:21 Arson
32:37 Plate Mail Armor
33:23 Iron Casting
33:13 Siege Onager
35:35 Blast Furnace
34:26 Fletching
35:41 Chemistry
35:02 Ballistics
35:27 Conscription
48:27 Masonry
48:43 Fortified Wall
48:52 Bodkin Arrow
51:51 Town Patrol
52:15 Caravan
58:49 Man-at-Arms
_Feslboss_21
1:10 Loom
11:47 Feudal Age
12:23 Horse Collar
12:29 Double-Bit Axe
19:06 Castle Age
20:53 Pikeman
27:14 Town Watch
28:06 Wheelbarrow
27:58 Town Patrol
31:19 Imperial Age
29:03 Bow Saw
Lala Land
3:19 Loom
12:14 Feudal Age
15:07 Castle Age
13:19 Double-Bit Axe
13:16 Horse Collar
14:02 Gold Mining
16:43 Bow Saw
17:36 Heavy Plow
25:00 Wheelbarrow
25:03 Gold Shaft Mining
26:07 Hand Cart
29:44 Imperial Age
27:11 Stone Mining
28:44 Scale Barding Armor
28:50 Forging
29:00 Caravan
30:26 Chain Barding Armor
30:43 Iron Casting
31:07 Crop Rotation
31:14 Stone Shaft Mining
30:52 Heavy Scorpion
31:30 Town Watch
33:46 Conscription
33:33 Double Crossbow
33:46 Town Patrol
35:14 Chemistry
34:26 Masonry
34:27 Siege Engineers
33:51 Light Cavalry
34:42 Bloodlines
34:35 Husbandry
34:36 Hussar
36:02 Coinage
36:47 Plate Barding Armor
37:13 Blast Furnace
52:01 Tusk Swords
54:10 Fletching
57:51 Elite Battle Elephant
給你舒服
1:08 Loom
10:25 Feudal Age
10:58 Double-Bit Axe
10:59 Horse Collar
19:23 Castle Age
17:26 Gold Mining
18:09 Stone Mining
20:06 Bow Saw
20:08 Heavy Plow
23:13 Fletching
23:29 Scale Barding Armor
30:16 Forging
30:55 Masonry
32:46 Ballistics
33:35 Chain Barding Armor
36:24 Imperial Age
35:48 Iron Casting
36:35 Wheelbarrow
38:03 Citadels
38:40 Plate Barding Armor
38:23 Elite War Elephant
40:17 Kamandaran
40:43 Bodkin Arrow
40:49 Padded Archer Armor
40:32 Crossbowman
41:41 Thumb Ring
41:03 Crossbowman
45:01 Chemistry
62:28 Hoardings
63:23 Caravan
stevenntqaz
0:27 Loom
11:59 Feudal Age
16:44 Castle Age
16:20 Double-Bit Axe
16:47 Light Cavalry
22:32 Forging
28:02 Horse Collar
28:37 Bow Saw
29:05 Heavy Plow
29:45 Fletching
31:50 Wheelbarrow
35:11 Imperial Age
35:17 Imperial Age
33:10 Hand Cart
33:23 Ballistics
33:10 Husbandry
34:23 Bodkin Arrow
36:00 Fortified Wall
35:56 Gold Mining
36:03 Stone Mining
35:44 Elite Mangudai
36:19 Capped Ram
37:24 Drill
37:11 Siege Ram
38:01 Elite Mangudai
40:39 Gold Shaft Mining
40:19 Bracer
39:43 Onager
40:31 Siege Engineers
41:26 Chemistry
41:03 Conscription
40:59 Bloodlines
41:55 Padded Archer Armor
46:11 Caravan
50:57 Parthian Tactics
50:39 Thumb Ring
49:55 Hussar
50:56 Leather Archer Armor
50:46 Scale Barding Armor
51:17 Iron Casting
54:10 Chain Barding Armor
54:50 Blast Furnace
55:46 Siege Onager
58:45 Heavy Scorpion
kkkkk1231231
11:17 Feudal Age
12:07 Double-Bit Axe
14:58 Castle Age
13:00 Horse Collar
16:46 Bow Saw
20:01 Wheelbarrow
21:05 Stone Mining
21:47 Hand Cart
22:09 Gold Mining
22:14 Stone Mining
22:38 Heavy Plow
24:43 Gold Shaft Mining
24:48 Stone Shaft Mining
24:05 Treadmill Crane
25:11 Loom
28:32 Imperial Age
25:59 Loom
27:17 Town Watch
27:26 Fletching
27:36 Padded Archer Armor
27:38 Scale Mail Armor
27:49 Forging
28:04 Ballistics
28:04 Pikeman
28:07 Elite Skirmisher
28:45 Bodkin Arrow
29:06 Leather Archer Armor
30:29 Conscription
30:22 Butalmapu
31:02 Caravan
31:37 Coinage
32:07 Iron Casting
31:48 Chain Mail Armor
32:37 Chemistry
31:48 Siege Engineers
31:51 Malon
31:11 Elite Kona
33:26 Ring Archer Armor
33:31 Elite Bolas Rider
36:45 Blast Furnace
36:15 Plate Mail Armor
51:10 Halberdier
51:36 Arson
62:27 Onager
Connection lost

Rejoining the realm…

Still unreachable

The connection could not be restored.

Session expired

The server has moved on; the page needs a fresh start.